 Dungeon Crawl Stone Soup version 0.19.1 (webtiles) character file.

12212 Ladykiller69 the Destroyer (level 11, -2/54 HPs)
             Began as a Deep Elf Conjurer on Dec 9, 2016.
             Was a High Priest of Vehumet.
             Slain by a blink frog (16 damage)
             ... on level 1 of the Lair of Beasts.
             The game lasted 00:58:29 (11451 turns).

Ladykiller69 the Destroyer (Deep Elf Conjurer)     Turns: 11451, Time: 00:58:30

Health: -2/54      AC:  7    Str:  5    XL:     11   Next: 59%
Magic:  3/27       EV: 13    Int: 24    God:    Vehumet [*****.]
Gold:   671        SH:  5    Dex: 15    Spells: 7 memorised, 7 levels left

rFire  + + .     SeeInvis +     J - +2 dagger (venom)
rCold  + . .     Gourm    .     y - +2 robe {rC+ rF+}
rNeg   . . .     Faith    .     e - +0 buckler
rPois  .         Spirit   .     w - +1 helmet
rElec  .         Reflect  .     (no cloak)
rCorr  .         Harm     .     G - +0 pair of gloves
MR     +....                    (no boots)
Stlth  +++.......               (no amulet)
                                B - ring of protection from fire
                                A - ring of see invisible

@: no status effects
A: no striking features
a: Renounce Religion


You were on level 1 of the Lair of Beasts.
You worshipped Vehumet.
Vehumet was extremely pleased with you.
You were not hungry.

You visited 3 branches of the dungeon, and saw 12 of its levels.
You also visited: Sewer and Ossuary.

You collected 671 gold pieces.

Inventory:

Hand Weapons
 v - a +0 dagger
 J - a +2 dagger of venom (weapon)
Armour
 a - a +0 robe
 e - a +0 buckler (worn)
 w - a +1 helmet (worn)
 y - a +2 robe of resistance (worn)
 G - a +0 pair of gloves (worn)
 L - a +1 robe of resistance
Magical Staves
 X - an uncursed staff of cold
Jewellery
 f - an uncursed ring of flight
 p - a +2 ring of strength
 A - a ring of see invisible (left hand)
 B - a ring of protection from fire (right hand)
 P - an uncursed ring of poison resistance {unknown}
Wands
 C - a wand of enslavement (11/24)
 N - a wand of enslavement (9/24)
 O - a wand of lightning (6/15)
 R - a wand of slowing (40/48)
 S - a wand of random effects (26/48)
 U - a wand of flame (32/48)
Scrolls
 g - 6 scrolls of remove curse
 j - 7 scrolls of identify
 k - a scroll of teleportation
 l - 2 scrolls of blinking
 m - a scroll of noise
 o - 2 scrolls of enchant armour
 r - 7 scrolls of amnesia
 u - 3 scrolls of fog
 M - a scroll of recharging
 W - a scroll of fear
 Y - a scroll of acquirement
Potions
 d - 7 potions of curing
 h - 2 potions of berserk rage
 i - 5 potions of agility {unknown}
 n - 2 potions of cure mutation {unknown}
 q - 2 potions of haste {unknown}
 s - 3 potions of might {unknown}
 x - 6 potions of heal wounds {unknown}
 E - 3 potions of brilliance {unknown}
 F - a potion of mutation {unknown}
 H - 7 potions of flight {unknown}
 I - 2 potions of lignification {unknown}
 K - a potion of magic {unknown}
Books
 b - a book of Conjurations

   Spells                             Type                      Level
   a - Magic Dart                     Conjuration                  1
   b - Searing Ray                    Conjuration                  2
   c - Dazzling Spray                 Conjuration/Hexes            3
   d - Fulminant Prism                Conjuration/Hexes            4
   e - Iskenderun's Mystic Blast      Conjuration                  4
   f - Iskenderun's Battlesphere      Conjuration/Charms           5
Comestibles
 c - 5 bread rations
 t - 6 meat rations
 z - 7 beef jerkies
 D - 3 royal jellies
 Q - 4 chunks of flesh
 T - 7 slices of pizza
 V - 4 fruits


   Skills:
 - Level 3.0 Dodging
 - Level 4.0 Stealth
 - Level 5.3 Shields
 + Level 10.9 Spellcasting
 - Level 11.7 Conjurations
 - Level 10.0 Hexes
 - Level 10.0 Charms
 - Level 5.0 Poison Magic


You had 7 spell levels left.
You knew the following spells:

 Your Spells              Type           Power        Failure   Level  Hunger
a - Magic Dart            Conj           ####         1%          1    None
b - Dazzling Spray        Conj/Hex       ######       1%          3    None
c - Iskenderun's Mystic   Conj           ######..     1%          4    None
d - Fulminant Prism       Conj/Hex       ######....   1%          4    None
e - Iskenderun's Battles  Conj/Chrm      ######..     1%          5    ####...
f - Mephitic Cloud        Conj/Pois/Air  #####...     1%          3    None
g - Force Lance           Conj/Tloc      #####...     1%          4    None


Dungeon Overview and Level Annotations

Branches:
Dungeon (10/15)            Temple (1/1) D:4            Lair (1/6) D:10
    Orc: D:9-12

Altars:
Ashenzari
Cheibriados
Fedhas
Gozag
Hepliaklqana
Makhleb
Nemelex Xobeh
Okawaru
Qazlal
Ru
Sif Muna
Trog
Uskayaw
Vehumet
Xom
Yredelemnul
Zin

Shops:
D:6 =


Message History

Your battlesphere fires!
The barrage of energy hits the blink frog.
The blink frog is almost dead.
The blink frog closely misses you. The blink frog hits you.
* * * LOW HITPOINT WARNING * * *
The blink frog blinks!
The blink frog closely misses you. The blink frog barely misses you.
Casting: Magic Dart
Confirm with . or Enter, or press ? or * to list all spells.
Aiming: Magic Dart
Press: ? - help, Shift-Dir - straight line, f/p - blink frog
Aim: a blink frog (almost dead)
The magic dart hits the blink frog.
The blink frog is almost dead.
Your battlesphere fires!
The barrage of energy hits the blink frog.
You kill the blink frog!
Vehumet accepts your kill.
You feel your power returning.
The blink frog blinks!
The blink frog hits you!
You die...

....F#.#
F..#.#
#..F##
######F..#
#.......##
##§###.##
#..####
##§P# #.@F#
# ##*.# #.
###FF##
...##.....#
#........#
####.....#
##.....#
##..
#......##
..##
###)....#


You could see 3 blink frogs and a friendly battlesphere.

Vanquished Creatures
  Nergalle (D:10)
  The ghost of Ladykiller69 the Destroyer, a novice DECj of Vehumet (D:9)
  An unseen horror (D:10)
  A hill giant (D:10)
  Psyche (D:8)
  A spiny frog (Lair:1)
  A troll (D:9)
  2 hornets
  5 blink frogs (Lair:1)
  A yak (D:8)
  2 wraiths (D:10)
  3 hogs (D:8)
  A human (D:8)
  The ghost of removeelyvilon the Caller, an amateur DsSu (Sewer)
  2 water moccasins (Lair:1)
  4 porcupines (Lair:1)
  A black bear (D:5)
  4 necrophages (D:10)
  2 orc warriors
  3 sky beasts
  3 ice beasts
  3 phantoms
  3 centaurs
  4 ogres
  3 crocodiles
  4 big kobolds
  Blork the orc (D:4)
  3 bullfrogs
  A gnoll sergeant (D:7)
  A water moccasin zombie (D:10)
  4 scorpions
  9 killer bees (D:10)
  A howler monkey (D:3)
  26 wights
  A crimson imp (D:9)
  A quasit (D:7)
  2 centaur zombies (Ossuary)
  2 human zombies (Ossuary)
  A jelly (D:9)
  A hound (D:5)
  2 bullfrog skeletons (D:7)
  5 orc priests
  4 centaur skeletons
  4 iguanas
  11 orc wizards
  5 worker ants
  A big kobold zombie (Ossuary)
  2 killer bee zombies
  6 mummies
  2 worker ant zombies
  Robin (D:3)
  6 gnolls
  12 adders
  4 shadow imps
  4 oozes
  3 adder skeletons
  2 worms
  3 dart slugs
  4 leopard geckos
  39 orcs
  2 ball pythons
  8 bats
  7 giant cockroaches
  17 goblins
  13 hobgoblins
  10 jackals
  3 quokkas
  10 frilled lizards
  26 kobolds
  2 kobold zombies (Ossuary)
  An orc zombie (Ossuary)
  2 quokka zombies
  6 rats
  A plant (D:10)
340 creatures vanquished.

Vanquished Creatures (others)
  20 fulminant prisms
  A fungus (Sewer)
  A plant (Sewer)
22 creatures vanquished.

Grand Total: 362 creatures vanquished

Notes
Turn   | Place    | Note
-------+----------+-------------------------------------------
     0 | D:1      | Ladykiller69 the Deep Elf Conjurer began the quest for the Orb.
     0 | D:1      | Reached XP level 1. HP: 10/10 MP: 6/6
   134 | D:1      | Reached XP level 2. HP: 15/15 MP: 1/8
   578 | D:1      | Reached XP level 3. HP: 19/19 MP: 7/10
  1274 | D:2      | Found a snail-covered altar of Cheibriados.
  1308 | D:2      | Reached XP level 4. HP: 24/24 MP: 8/12
  1316 | D:2      | Learned a level 3 spell: Dazzling Spray
  1321 | D:2      | Learned a level 4 spell: Iskenderun's Mystic Blast
  1589 | D:2      | Reached skill level 1 in Hexes
  1933 | D:3      | Learned a level 4 spell: Fulminant Prism
  1956 | D:3      | Reached XP level 5. HP: 28/28 MP: 8/14
  2161 | D:3      | Reached skill level 5 in Spellcasting
  2161 | D:3      | Reached skill level 5 in Conjurations
  2307 | D:3      | Reached XP level 6. HP: 32/32 MP: 0/16
  2877 | D:3      | Noticed Robin
  2911 | D:3      | Killed Robin
  3129 | D:3      | Learned a level 5 spell: Iskenderun's Battlesphere
  3212 | D:4      | Noticed Blork the orc
  3220 | D:4      | Killed Blork the orc
  3220 | D:4      | Reached skill level 1 in Charms
  3226 | D:4      | Reached XP level 7. HP: 12/36 MP: 0/18
  3573 | D:4      | Reached skill level 6 in Conjurations
  3573 | D:4      | Reached skill level 5 in Hexes
  3704 | D:4      | Found a staircase to the Ecumenical Temple.
  3718 | Temple   | Entered the Ecumenical Temple
  3873 | Temple   | Became a worshipper of Vehumet
  4496 | D:5      | Entered Level 5 of the Dungeon
  4820 | D:5      | Found an iron altar of Okawaru.
  4888 | D:5      | Reached XP level 8. HP: 27/41 MP: 3/19
  4992 | D:5      | Found a glowing drain.
  5000 | Sewer    | Entered a sewer
  5089 | Sewer    | Reached * piety under Vehumet
  5089 | Sewer    | Offered knowledge of Freeze by Vehumet.
  5142 | Sewer    | Reached skill level 5 in Charms
  5276 | Sewer    | Reached skill level 7 in Conjurations
  5372 | Sewer    | Noticed removeelyvilon's ghost (amateur DsSu)
  5461 | Sewer    | Killed removeelyvilon's ghost
  5669 | D:5      | Found a shattered altar of Ashenzari.
  5977 | D:5      | Found an opulent altar of Gozag.
  5977 | D:5      | Found a basalt altar of Yredelemnul.
  6162 | D:5      | Reached skill level 8 in Conjurations
  6356 | D:6      | Found a sand-covered staircase.
  6361 | Ossuary  | Entered an ossuary
  6920 | D:6      | Found Dikkossu's Jewellery Boutique.
  6966 | D:6      | Reached XP level 9. HP: 45/45 MP: 7/20
  7046 | D:6      | Reached skill level 9 in Conjurations
  7265 | D:6      | Reached ** piety under Vehumet
  7326 | D:6      | Offered knowledge of Shock by Vehumet.
  7860 | D:7      | Reached skill level 1 in Shields
  8061 | D:7      | Found a faded altar of an unknown god.
  8061 | D:7      | Found a faded altar of an unknown god.
  8066 | D:7      | Found a faded altar of an unknown god.
  8068 | D:7      | Found a faded altar of an unknown god.
  8071 | D:7      | Found a burning altar of Makhleb.
  8358 | D:6      | Found a radiant altar of Vehumet.
  8426 | D:8      | Noticed Psyche
  8431 | D:8      | Killed Psyche
  8431 | D:8      | Reached skill level 10 in Conjurations
  8493 | D:8      | Offered knowledge of Mephitic Cloud by Vehumet.
  8498 | D:8      | Learned a level 3 spell: Mephitic Cloud
  8602 | D:8      | Found a stormy altar of Qazlal.
  8727 | D:8      | Reached XP level 10. HP: 29/50 MP: 16/23
  8778 | D:8      | Reached *** piety under Vehumet
  8778 | D:8      | Reached skill level 1 in Poison Magic
  9244 | D:9      | Offered knowledge of Ignite Poison by Vehumet.
  9314 | D:9      | Noticed Ladykiller69's ghost (novice DECj)
  9525 | D:9      | Found a sparkling altar of Nemelex Xobeh.
  9618 | D:9      | Killed Ladykiller69's ghost
  9618 | D:9      | Reached **** piety under Vehumet
  9713 | D:9      | Found an iron altar of Okawaru.
  9752 | D:9      | Found a hide-covered altar of Uskayaw.
  9829 | D:10     | Entered Level 10 of the Dungeon
 10014 | D:10     | Offered knowledge of Force Lance by Vehumet.
 10014 | D:10     | Reached skill level 11 in Conjurations
 10020 | D:10     | Learned a level 4 spell: Force Lance
 10122 | D:10     | Reached XP level 11. HP: 54/54 MP: 6/25
 10286 | D:10     | Noticed a hill giant
 10293 | D:10     | Killed a hill giant
 10293 | D:10     | Reached skill level 5 in Poison Magic
 10301 | D:10     | Found a staircase to the Lair.
 10436 | D:10     | Reached skill level 10 in Hexes
 10441 | D:10     | Noticed an unseen horror
 10446 | D:10     | Killed an unseen horror
 10446 | D:10     | Reached skill level 5 in Shields
 10448 | D:10     | Noticed Nergalle
 10673 | D:10     | Killed Nergalle
 10673 | D:10     | Reached ***** piety under Vehumet
 10714 | D:10     | Offered knowledge of Iron Shot by Vehumet.
 11100 | D:10     | Reached skill level 10 in Charms
 11150 | Lair:1   | Entered Level 1 of the Lair of Beasts
 11167 | Lair:1   | Identified a scroll of acquirement
 11347 | Lair:1   | Reached skill level 10 in Spellcasting
 11451 | Lair:1   | Slain by a blink frog

Skill      XL: |  1  2  3  4  5  6  7  8  9 10 11 |
---------------+----------------------------------+-----
Stealth        | 3 4 |  4.0
Dodging        | 3 |  3.0
Spellcasting   | 4 5 6 7 8 10 | 10.9
Hexes          | 2 3 4 6 7 9 10 | 10.0
Conjurations   | 5 6 8 10 11 | 11.7
Charms         | 1 4 7 8 9 10 | 10.0
Shields        | 2 4 5 |  5.3
Poison Magic   | 4 5 |  5.0

Action                   |  1- 3 |  4- 6 |  7- 9 | 10-12 || total
-------------------------+-------+-------+-------+-------++-------
Melee: Unarmed           |       |       |     2 |       ||     2
       Dagger            |       |       |    24 |    31 ||    55
 Cast: Magic Dart        |    80 |   148 |   301 |   224 ||   753
       Iskenderun's Myst |       |     4 |     1 |     2 ||     7
       Fulminant Prism   |       |     7 |     7 |     6 ||    20
       Dazzling Spray    |       |     2 |    10 |    16 ||    28
       Iskenderun's Batt |       |       |    33 |    39 ||    72
       Mephitic Cloud    |       |       |       |     3 ||     3
  Use: Scroll            |       |       |    13 |     1 ||    14
 Stab: Invisible         |       |       |     1 |       ||     1
  Eat: Chunk             |     1 |     7 |    16 |    10 ||    34
       Bread ration      |       |       |     3 |     1 ||     4
Armor: Robe              |       |     4 |    20 |     6 ||    30
Dodge: Dodged            |     2 |    33 |    52 |    60 ||   147
Block: Buckler           |       |       |       |    22 ||    22
